 Dungeon Crawl Stone Soup version 0.31-a0-466-g98c9adc2b6 (webtiles) character file.

Game seed: 14894913759978992655

8 tatocazan the Trooper (level 2, 24/24 HPs)
             Began as a Demonspawn Berserker on Aug 5, 2023.
             Was a Follower of Trog.
             Quit the game on level 1 of the Dungeon.
             The game lasted 00:00:37 (425 turns).

tatocazan the Trooper (Demonspawn Berserker)         Turns: 425, Time: 00:00:37

Health: 24/24      AC:  8    Str: 17    XL:     2   Next: 0%
Magic:  2/2        EV:  8    Int:  8    God:    Trog [*.....]
Gold:   0          SH:  0    Dex: 12    Spells: 1/1 levels left

rFire   . . .        a - +0 hand axe
rCold   . . .        (no shield)
rNeg    . . .        c - +0 chain mail
rPois   .            (no helmet)
rElec   .            (no cloak)
rCorr   .            (no gloves)
SInv    .            (no boots)
Will    .....        (no amulet) Stlth
                     (no ring)
HPRegen 0.24/turn    (no ring)
MPRegen 0.16/turn

%: no passive effects
@: no status effects
A: magic regeneration
a: Renounce Religion, Berserk


You were on level 1 of the Dungeon.
You worshipped Trog.
Trog was aware of your devotion.
You visited 1 branch of the dungeon, and saw 1 of its levels.

Inventory:

Hand Weapons
 a - a +0 hand axe (weapon)
Armour
 b - a +0 animal skin
 c - a +0 chain mail (worn)
Scrolls
 f - a scroll of enchant weapon {unknown}
Potions
 d - a potion of invisibility {unknown}
 e - a potion of attraction {unknown}


   Skills:
 + Level 3.1 Fighting
 + Level 2.8 Axes
 + Level 2.0 Armour
 + Level 2.0 Dodging


You had one spell level left.
You didn't know any spells.
Your spell library was empty.

Dungeon Overview and Level Annotations

Branches:
Dungeon (1/15)

Altars:


Innate Abilities, Weirdness & Mutations

You regenerate magic rapidly.


Message History

You hit the rat but do no damage. The rat completely misses you.
You barely miss the rat. The rat barely misses you.
You hit the rat.
You kill the rat!
Trog accepts your kill.
No target in view!
No target in view!
No target in view!
No target in view!
No target in view!
No target in view!
No target in view!
No target in view!
No target in view!
No target in view!
No target in view!
No target in view!
No target in view!
Key pressed, stopping explore.
Key pressed, stopping explore.
e - a fuming yellow potion Health restored: 18 Key pressed, stopping explore.
f - a scroll labelled DERUPR RIACOMP Key pressed, stopping explore.
There is a fountain of clear blue water here.
There is a fountain of clear blue water here.
Found a stone staircase leading down.
A quokka comes into view.
The quokka bites you but does no damage.
You hit the quokka.
You kill the quokka!
Trog accepts your kill.
Your Armour skill increases to level 2!
Your Dodging skill increases to level 2!
You have reached level 2!
Your demonic ancestry asserts itself...
Your magic begins to regenerate rapidly.
Health restored: 24; MP restored: 2 Are you sure you want to abandon this character and quit the game? (Confirm with "yes".)

#.....................#
#........##♣♣♣.♣♣♣##..#
######...# ♣⌠♣ #...
#...♣♣♣♣♣.♣♣♣♣♣..# ###
#......⌠.<.⌠.....# ....
#...♣♣♣♣♣.♣♣♣♣♣..# .....
#...# ♣⌠♣ #..#
......#...##♣♣♣.♣♣♣##..#
#.@...............#
....>.†#######..........
##$...# #........##
#.... ##.....#... .....
#.....#... .....
#....##... ....
#......... ....
###.........
#...........


There were no monsters in sight!

Vanquished Creatures
  A dart slug (D:1)
  An endoplasm (D:1)
  2 quokkas (D:1)
  A frilled lizard (D:1)
  A rat (D:1)
6 creatures vanquished.

Notes
Turn   | Place    | Note
-------+----------+-------------------------------------------
     0 | D:1      | tatocazan the Demonspawn Berserker began the quest for the
                  | Orb.
     0 | D:1      | Reached XP level 1. HP: 18/18 MP: 1/1
   425 | D:1      | Gained mutation: You regenerate magic rapidly. [demonic
                  | ancestry]
   425 | D:1      | Reached XP level 2. HP: 24/24 MP: 2/2
   425 | D:1      | Quit the game

Illustrated notes

Levels and vault maps discovered:
D:1:      scummos_arrival_forest, layout_basic

Skill      XL: |  1 |
---------------+----+-----
Armour         | 2 |  2.0
Dodging        | 2 |  2.0
Fighting       | |  3.1
Axes           | |  2.8

Action                     || total
---------------------------++-------
  Melee: Hand axe          ||    17
 Armour: Chain mail        ||     6
  Dodge: Dodged            ||     8

Table legend: (Time is in decaauts)
 A = Elapsed time spent in this place.
 B = Non-inter-level travel time spent in this place.
 C = Inter-level travel time spent in this place.
 D = Time resting spent in this place.
 E = Time spent auto-exploring this place.
 F = Levels seen in this place.
 G = Mean time per level.
                   A        B        C        D        E       F      G
               +--------+--------+--------+--------+--------+-----+--------+
         Total |    427 |    427 |      0 |      0 |    370 |   1 |  427.0 |
       Dungeon |    427 |    427 |      0 |      0 |    370 |   1 |  427.0 |
               +--------+--------+--------+--------+--------+-----+--------+

Top non-repeatable levels by time:
     D:1: 427 daAuts
